TOP OF THE 1ST |
Pittsburgh Pirates batting - Pitching for St. Louis Cardinals : RHP Lucas Giolito
|
Pitching: RHP Lucas Giolito
|
|
Batting: RHB Lorenzo Cain
|
0-0: Called Strike 0-1: Ground out 1-3 (Groundball, 15)
|
Batting: RHB Carlos Gomez
|
0-0: Swinging Strike 0-1: Called Strike 0-2: Ball 1-2: DOUBLE (Line Drive, 89M)
|
Batting: RHB Carlos Correa
|
0-0: Ball 1-0: Ball 2-0: Foul Ball, location: 2F 2-1: Swinging Strike 2-2: Ball 3-2: Base on Balls
|
Batting: LHB Jake Lamb
|
0-0: Ball 1-0: Called Strike 1-1: Ball 2-1: Foul Ball, location: 2F 2-2: Foul Ball, location: 2F 2-2: Ball 3-2: Base on Balls Carlos Gomez to third Carlos Correa to second
|
Batting: RHB Ryan Zimmerman
|
0-0: Ball 1-0: Called Strike 1-1: Called Strike 1-2: Ball 2-2: Grounds into double play, 5-4-3 (Groundball, 56)
|
Top of the 1st over - 0 runs, 1 hit, 0 errors, 2 left on base; Pittsburgh 0 - St. Louis 0 |
BOTTOM OF THE 1ST |
St. Louis Cardinals batting - Pitching for Pittsburgh Pirates : LHP Steven Matz
|
Pitching: LHP Steven Matz
|
|
Batting: SHB Ozzie Albies
|
0-0: Swinging Strike 0-1: Ball 1-1: Ball 2-1: Swinging Strike 2-2: Ball 3-2: Ground out 5-3 (Groundball, 5)
|
Batting: RHB Alex Bregman
|
0-0: Called Strike 0-1: Called Strike 0-2: Ground out 4-3 (Groundball, 34)
|
Batting: RHB Jose Alberto Martinez
|
0-0: Called Strike 0-1: Called Strike 0-2: Foul Ball, location: 2F 0-2: Ball 1-2: SINGLE (Flyball, 9S)
|
Batting: RHB Yan Gomes
|
0-0: Fly out, F9 (Line Drive, 9)
|
Bottom of the 1st over - 0 runs, 1 hit, 0 errors, 1 left on base; Pittsburgh 0 - St. Louis 0 |
TOP OF THE 2ND |
Pittsburgh Pirates batting - Pitching for St. Louis Cardinals : RHP Lucas Giolito
|
Batting: LHB Jay Bruce
|
0-0: Ball 1-0: Foul Ball, location: 2F 1-1: Ball 2-1: Fly out, F7 (Line Drive, 7D)
|
Batting: RHB Brian Dozier
|
0-0: Called Strike 0-1: Ball 1-1: Called Strike 1-2: Ball 2-2: Ball 3-2: Ground out 5-3 (Groundball, 56S)
|
Batting: RHB Robinson Chirinos
|
0-0: Hit by Pitch
|
Batting: RHB Steven Matz
|
0-0: Ball 1-0: Fielders Choice at 2nd, 5-4 (Groundball, 56)
|
Top of the 2nd over - 0 runs, 0 hits, 0 errors, 1 left on base; Pittsburgh 0 - St. Louis 0 |
BOTTOM OF THE 2ND |
St. Louis Cardinals batting - Pitching for Pittsburgh Pirates : LHP Steven Matz
|
Batting: RHB Harrison Bader
|
0-0: Foul Ball, location: 2F 0-1: Called Strike 0-2: Ball 1-2: Strikes out swinging
|
Batting: RHB Adeiny Hechavarria
|
0-0: SINGLE (Line Drive, 89S)
|
Batting: LHB Alex Avila
|
0-0: Ball 1-0: Ball Adeiny Hechavarria steals 2nd base 2-0: Called Strike 2-1: Ball 3-1: Ground out 4-3 (Groundball, 4) Adeiny Hechavarria to third
|
Batting: LHB Brett Phillips
|
0-0: Called Strike 0-1: Ball 1-1: Ball 2-1: DOUBLE (Flyball, 78D) Adeiny Hechavarria scores
|
Batting: RHB Lucas Giolito
|
0-0: Ball 1-0: Called Strike 1-1: Fly out, F9 (Flyball, 9LS)
|
Bottom of the 2nd over - 1 run, 2 hits, 0 errors, 1 left on base; Pittsburgh 0 - St. Louis 1 |
TOP OF THE 3RD |
Pittsburgh Pirates batting - Pitching for St. Louis Cardinals : RHP Lucas Giolito
|
Batting: RHB Lorenzo Cain
|
0-0: Swinging Strike 0-1: Ball 1-1: Ball 2-1: Swinging Strike 2-2: Foul Ball, location: 2F 2-2: Strikes out swinging
|
Batting: RHB Carlos Gomez
|
0-0: Ball 1-0: Ball 2-0: Called Strike 2-1: Swinging Strike 2-2: Strikes out swinging
|
Batting: RHB Carlos Correa
|
0-0: Ball 1-0: Called Strike 1-1: Called Strike 1-2: Foul Ball, location: 2F 1-2: Ball 2-2: Strikes out swinging
|
Top of the 3rd over - 0 runs, 0 hits, 0 errors, 0 left on base; Pittsburgh 0 - St. Louis 1 |
BOTTOM OF THE 3RD |
St. Louis Cardinals batting - Pitching for Pittsburgh Pirates : LHP Steven Matz
|
Batting: SHB Ozzie Albies
|
0-0: Ball 1-0: Foul Ball, location: 2F 1-1: Ground out 5-3 (Groundball, 56)
|
Batting: RHB Alex Bregman
|
0-0: DOUBLE (Line Drive, 9LM)
|
Batting: RHB Jose Alberto Martinez
|
0-0: Ball Alex Bregman steals 3rd base 1-0: Called Strike 1-1: Ball 2-1: Swinging Strike 2-2: Foul Ball, location: 2F 2-2: Strikes out swinging
|
Batting: RHB Yan Gomes
|
0-0: Ball 1-0: Foul Ball, location: 2F 1-1: Ground out 3-1 (Groundball, 34)
|
Bottom of the 3rd over - 0 runs, 1 hit, 0 errors, 1 left on base; Pittsburgh 0 - St. Louis 1 |
TOP OF THE 4TH |
Pittsburgh Pirates batting - Pitching for St. Louis Cardinals : RHP Lucas Giolito
|
Batting: LHB Jake Lamb
|
0-0: Foul Ball, location: 2F 0-1: Ball 1-1: Hit by Pitch
|
Batting: RHB Ryan Zimmerman
|
0-0: Foul Ball, location: 2F 0-1: Ball 1-1: Fielders Choice at 2nd, 6-4 (Groundball, 6)
|
Batting: LHB Jay Bruce
|
0-0: Foul Ball, location: 2F 0-1: Foul Ball, location: 2F 0-2: Foul Ball, location: 2F 0-2: Ball 1-2: Grounds into double play, 4-5-3 (Groundball, 34)
|
Top of the 4th over - 0 runs, 0 hits, 0 errors, 0 left on base; Pittsburgh 0 - St. Louis 1 |
BOTTOM OF THE 4TH |
St. Louis Cardinals batting - Pitching for Pittsburgh Pirates : LHP Steven Matz
|
Batting: RHB Harrison Bader
|
0-0: Called Strike 0-1: Ball 1-1: SINGLE (Groundball, 6MD)
|
Batting: RHB Adeiny Hechavarria
|
0-0: Called Strike 0-1: Called Strike 0-2: Foul Ball, location: 2F 0-2: Foul Ball, location: 2F 0-2: Ball 1-2: Ball 2-2: Foul Ball, location: 2F 2-2: Strikes out swinging
|
Batting: LHB Alex Avila
|
0-0: Ball 1-0: Foul Ball, location: 2F 1-1: Ball 2-1: Foul Ball, location: 2F 2-2: Foul Ball, location: 2F 2-2: SINGLE (Groundball, 4MD) Harrison Bader to second Harrison Bader to third
|
Batting: LHB Brett Phillips
|
0-0: Called Strike 0-1: Ground out 4-3 (Groundball, 34D) Harrison Bader scores Alex Avila to second
|
Batting: RHB Lucas Giolito
|
0-0: Swinging Strike 0-1: Called Strike 0-2: Ball 1-2: Strikes out swinging
|
Bottom of the 4th over - 1 run, 2 hits, 0 errors, 1 left on base; Pittsburgh 0 - St. Louis 2 |
TOP OF THE 5TH |
Pittsburgh Pirates batting - Pitching for St. Louis Cardinals : RHP Lucas Giolito
|
Batting: RHB Brian Dozier
|
0-0: Foul Ball, location: 2F 0-1: Ball 1-1: Ground out 5-3 (Groundball, 56S)
|
Batting: RHB Robinson Chirinos
|
0-0: Swinging Strike 0-1: Ball 1-1: Ball 2-1: Fly out, F3 (Popup, 34S)
|
Batting: RHB Steven Matz
|
0-0: Called Strike 0-1: Fly out, F9 (Flyball, 9)
|
Top of the 5th over - 0 runs, 0 hits, 0 errors, 0 left on base; Pittsburgh 0 - St. Louis 2 |
BOTTOM OF THE 5TH |
St. Louis Cardinals batting - Pitching for Pittsburgh Pirates : LHP Steven Matz
|
Batting: SHB Ozzie Albies
|
0-0: Ball 1-0: Bunt for hit to 5S - play at first, batter safe!
|
Batting: RHB Alex Bregman
|
0-0: Ball 1-0: Swinging Strike 1-1: Called Strike 1-2: Foul Ball, location: 2F 1-2: Fly out, F7 (Flyball, 7S)
|
Batting: RHB Jose Alberto Martinez
|
0-0: Called Strike 0-1: SINGLE (Line Drive, 34D) Ozzie Albies to second
|
Batting: RHB Yan Gomes
|
0-0: Called Strike 0-1: Ball 1-1: Grounds into double play, 6-4-3 (Groundball, 6)
|
Bottom of the 5th over - 0 runs, 2 hits, 0 errors, 1 left on base; Pittsburgh 0 - St. Louis 2 |
TOP OF THE 6TH |
Pittsburgh Pirates batting - Pitching for St. Louis Cardinals : RHP Lucas Giolito
|
Batting: RHB Lorenzo Cain
|
0-0: DOUBLE (Flyball, 8LXD)
|
Batting: RHB Carlos Gomez
|
0-0: Foul Ball, location: 2F 0-1: Foul Ball, location: 2F 0-2: Foul Ball, location: 2F 0-2: Ball 1-2: Strikes out swinging
|
Batting: RHB Carlos Correa
|
0-0: DOUBLE (Line Drive, 9LM) Lorenzo Cain scores
|
Batting: LHB Jake Lamb
|
0-0: Ball 1-0: Ball 2-0: Ground out 4-3 (Groundball, 4) Carlos Correa to third
|
Batting: RHB Ryan Zimmerman
|
0-0: Ball 1-0: Called Strike 1-1: Fly out, F7 (Line Drive, 7)
|
Top of the 6th over - 1 run, 2 hits, 0 errors, 1 left on base; Pittsburgh 1 - St. Louis 2 |
BOTTOM OF THE 6TH |
St. Louis Cardinals batting - Pitching for Pittsburgh Pirates : LHP Steven Matz
|
Batting: RHB Harrison Bader
|
0-0: DOUBLE (Line Drive, 3D)
|
Batting: RHB Adeiny Hechavarria
|
0-0: Ball 1-0: Ball 2-0: SINGLE (Groundball, 56D) Harrison Bader to third Runner from 3rd tries for Home, SAFE, throw by LF to home Adeiny Hechavarria to second
|
Batting: LHB Alex Avila
|
0-0: Fly out, F9 (Flyball, 89M)
|
Batting: LHB Brett Phillips
|
0-0: Foul Ball, location: 2F 0-1: Ball 1-1: Ball 2-1: Called Strike 2-2: Strikes out swinging
|
Pinch Hitting: RHB Mark Reynolds
|
0-0: Foul Ball, location: 2F 0-1: Ball 1-1: Called Strike 1-2: Ball 2-2: Foul Ball, location: 2F 2-2: Fly out, F8 (Flyball, 8LM)
|
Bottom of the 6th over - 1 run, 2 hits, 0 errors, 1 left on base; Pittsburgh 1 - St. Louis 3 |
TOP OF THE 7TH |
Pittsburgh Pirates batting - Pitching for St. Louis Cardinals : RHP Lucas Giolito
|
Pitching: RHP Zac Reininger
|
|
Batting: LHB Jay Bruce
|
0-0: Swinging Strike 0-1: Ball 1-1: Ball 2-1: Foul Ball, location: 2F 2-2: Foul Ball, location: 2F 2-2: DOUBLE (Flyball, 8RXD)
|
Batting: RHB Brian Dozier
|
0-0: Swinging Strike 0-1: Called Strike 0-2: Ball 1-2: Ball 2-2: Ball 3-2: Foul Ball, location: 2F 3-2: Fly out, F9 (Line Drive, 9)
|
Batting: RHB Robinson Chirinos
|
0-0: Foul Ball, location: 2F 0-1: Ball 1-1: Called Strike 1-2: Foul Ball, location: 2F 1-2: Strikes out looking
|
Pinch Hitting: RHB Matt Davidson
|
0-0: Ball 1-0: Foul Ball, location: 2F 1-1: Foul Ball, location: 2F 1-2: Ball 2-2: Strikes out swinging
|
Top of the 7th over - 0 runs, 1 hit, 0 errors, 1 left on base; Pittsburgh 1 - St. Louis 3 |
BOTTOM OF THE 7TH |
St. Louis Cardinals batting - Pitching for Pittsburgh Pirates : LHP Steven Matz
|
Pitching: LHP Patrick Corbin
|
|
Batting: SHB Ozzie Albies
|
0-0: Hit by Pitch
|
Batting: RHB Alex Bregman
|
0-0: Swinging Strike 0-1: Foul Ball, location: 2F 0-2: Ball 1-2: Foul Ball, location: 2F 1-2: Foul Ball, location: 2F 1-2: SINGLE (Groundball, 6MD) Ozzie Albies to second
|
Batting: RHB Jose Alberto Martinez
|
0-0: Swinging Strike 0-1: Swinging Strike 0-2: Strikes out swinging
|
Batting: RHB Yan Gomes
|
0-0: Ball 1-0: Ball 2-0: Ball 3-0: Called Strike 3-1: Swinging Strike 3-2: Strikes out swinging
|
Batting: RHB Harrison Bader
|
0-0: Foul Ball, location: 2F 0-1: Ball 1-1: Swinging Strike 1-2: Ball 2-2: Strikes out swinging
|
Bottom of the 7th over - 0 runs, 1 hit, 0 errors, 2 left on base; Pittsburgh 1 - St. Louis 3 |
TOP OF THE 8TH |
Pittsburgh Pirates batting - Pitching for St. Louis Cardinals : RHP Zac Reininger
|
Pitching: LHP Brett Anderson
|
|
Batting: RHB Lorenzo Cain
|
0-0: SINGLE (Line Drive, 78S)
|
Batting: RHB Carlos Gomez
|
0-0: Called Strike 0-1: Ball 1-1: Ball Wild Pitch! Lorenzo Cain to second 2-1: Swinging Strike 2-2: Ball 3-2: Base on Balls
|
Pitching: RHP Brad Ziegler
|
|
Batting: RHB Carlos Correa
|
0-0: Called Strike 0-1: Hit by Pitch Lorenzo Cain to third Carlos Gomez to second
|
Batting: LHB Jake Lamb
|
0-0: Ball 1-0: DOUBLE (Line Drive, 8LXD) Lorenzo Cain scores Carlos Gomez scores Carlos Correa to third
|
Pitching: RHP Zack Littell
|
|
Batting: RHB Ryan Zimmerman
|
0-0: Foul Ball, location: 2F 0-1: Ball 1-1: Ball 2-1: Swinging Strike 2-2: Foul Ball, location: 2F 2-2: Foul Ball, location: 2F 2-2: Fly out, F8 (Flyball, 78XD) Runner from 3rd tags up, SCORES, no throw by CF Jake Lamb to third
|
Batting: LHB Jay Bruce
|
0-0: Ball 1-0: Called Strike 1-1: Swinging Strike 1-2: Fly out, F9 (Flyball, 9LS)
|
Batting: RHB Brian Dozier
|
0-0: Foul Ball, location: 2F 0-1: Swinging Strike 0-2: Ground out 5-3 (Groundball, 56S)
|
Top of the 8th over - 3 runs, 2 hits, 0 errors, 1 left on base; Pittsburgh 4 - St. Louis 3 |
BOTTOM OF THE 8TH |
St. Louis Cardinals batting - Pitching for Pittsburgh Pirates : LHP Patrick Corbin
|
Pitching: LHP Taylor Rogers
|
|
Batting: RHB Adeiny Hechavarria
|
0-0: Called Strike 0-1: Foul Ball, location: 2F 0-2: Ball 1-2: Strikes out swinging
|
Batting: LHB Alex Avila
|
0-0: Ball 1-0: Called Strike 1-1: Swinging Strike 1-2: Strikes out swinging
|
Batting: LHB Brett Phillips
|
0-0: Swinging Strike 0-1: Ball 1-1: Swinging Strike 1-2: Strikes out swinging
|
Bottom of the 8th over - 0 runs, 0 hits, 0 errors, 0 left on base; Pittsburgh 4 - St. Louis 3 |
TOP OF THE 9TH |
Pittsburgh Pirates batting - Pitching for St. Louis Cardinals : RHP Zack Littell
|
Pitching: RHP Fernando Rodney
|
|
Batting: RHB Robinson Chirinos
|
0-0: Fly out, F7 (Flyball, 7LSF)
|
Pinch Hitting: RHB Mark Canha
|
0-0: Ball 1-0: Called Strike 1-1: Called Strike 1-2: SOLO HOME RUN (Flyball, 9D), Distance : 368 ft
|
Batting: RHB Lorenzo Cain
|
0-0: Called Strike 0-1: Called Strike 0-2: Strikes out looking
|
Batting: RHB Carlos Gomez
|
0-0: Foul Ball, location: 2F 0-1: Called Strike 0-2: Foul Ball, location: 2F 0-2: Strikes out swinging
|
Top of the 9th over - 1 run, 1 hit, 0 errors, 0 left on base; Pittsburgh 5 - St. Louis 3 |
BOTTOM OF THE 9TH |
St. Louis Cardinals batting - Pitching for Pittsburgh Pirates : LHP Taylor Rogers
|
Pitching: RHP Ryan Pressly
|
|
Pinch Hitting: SHB Eduardo Escobar
|
0-0: Called Strike 0-1: Ball 1-1: SINGLE (Groundball, 6M) (infield hit)
|
Batting: SHB Ozzie Albies
|
0-0: Ball 1-0: Fielders Choice at 2nd, 1-4 (Groundball, 15S)
|
Batting: RHB Alex Bregman
|
0-0: Ball 1-0: Called Strike 1-1: Foul Ball, location: 2F 1-2: Foul Ball, location: 2F 1-2: Ball 2-2: Foul Ball, location: 2F 2-2: Foul Ball, location: 2F 2-2: SINGLE (Groundball, 6MD) Ozzie Albies to second
|
Batting: RHB Jose Alberto Martinez
|
0-0: SINGLE (Line Drive, 8LS) Ozzie Albies to third Alex Bregman to second
|
Batting: RHB Yan Gomes
|
0-0: Called Strike 0-1: Ball 1-1: Ball 2-1: Foul Ball, location: 2F 2-2: Strikes out looking
|
Batting: RHB Harrison Bader
|
0-0: Called Strike 0-1: Foul Ball, location: 2F 0-2: DOUBLE (Line Drive, 78XD) Ozzie Albies scores Alex Bregman scores Jose Alberto Martinez to third Runner from 3rd tries for Home, SAFE, no throw by CF
|
|
Sunday, August 5th, 2018 - OOTP Baseball 19.7 Build 59
|
|